 Dungeon Crawl Stone Soup version 0.31.0-9-g3a7656b989 (webtiles) character file.

Game seed: 10260247012888405942

26 qw the Shooter (level 2, 0/14 HPs)
             Began as a Spriggan Hunter on Feb 2, 2024.
             Slain by a rat (1 damage)
             ... on level 2 of the Dungeon.
             The game lasted 00:00:01 (474 turns).

qw the Shooter (Spriggan Hunter)                     Turns: 474, Time: 00:00:02

Health: 0/14       AC:  2    Str:  7    XL:     2   Next: 89%
Magic:  3/3        EV: 19    Int: 10    God:
Gold:   29         SH:  0    Dex: 18    Spells: 1/1 levels left

rFire   . . .        a - +0 shortbow
rCold   . . .        (shield currently unavailable)
rNeg    . . .        c - +0 robe
rPois   .            (helmet restricted)
rElec   .            (no cloak)
rCorr   .            (gloves unavailable)
SInv    +            (boots unavailable)
Will    .....        (no amulet)
Stlth   ++           (no ring)
HPRegen 0.22/turn    (no ring)
MPRegen 0.08/turn

%: no passive effects
@: very quick
A: very small, no large weapons, unfitting armour, see invisible, speed 3
a: no special abilities


You were on level 2 of the Dungeon.
You visited 1 branch of the dungeon, and saw 2 of its levels.

You collected 29 gold pieces.


Innate Abilities, Weirdness & Mutations

You are very small and have problems with some larger weapons.
You are too small for most types of armour.
You have supernaturally acute eyesight. (SInv)
You cover ground extremely quickly. (Speed+++)


   Skills:
 - Level 1.5 Fighting
 + Level 4.4 Ranged Weapons
 - Level 4.0 Dodging
 - Level 1.5 Stealth


You had one spell level left.
You didn't know any spells.
Your spell library was empty.

Inventory:

Hand Weapons
 a - a +0 shortbow (weapon)
Armour
 c - a +0 robe (worn)

Dungeon Overview and Level Annotations

Branches:
Dungeon (2/15)

Altars:


Message History

The adder barely misses you.
You shoot an arrow. The arrow hits the ribbon worm.
The ribbon worm is heavily wounded.
The rat completely misses you. The adder completely misses you.
The ribbon worm barely misses you. The rat closely misses you.
You shoot an arrow. The arrow hits the ribbon worm.
The ribbon worm is severely wounded.
The adder closely misses you. The adder misses you.
The ribbon worm expels a string of sticky webbing.
The stream of webbing misses you.
The stream of webbing hits the adder but does no damage.
The adder is caught in a web!
The rat misses you.
You shoot an arrow. The arrow hits the ribbon worm.
You kill the ribbon worm!
The adder tears the web.
The rat barely misses you. The adder misses you.
You shoot an arrow. The arrow barely misses the adder.
The rat bites you but does no damage. The hobgoblin hits you.
The adder completely misses you.
You shoot an arrow. The arrow closely misses the adder.
The adder closely misses you. The rat bites you but does no damage.
The hobgoblin misses you. The adder barely misses you.
You shoot an arrow. The arrow barely misses the adder.
The rat misses you. The hobgoblin closely misses you. The adder misses you.
The hobgoblin hits you but does no damage.
The rat barely misses you.
You shoot an arrow. The arrow closely misses the adder.
The adder barely misses you. The hobgoblin closely misses you.
The rat bites you. The adder bites you.
You shoot an arrow. The arrow hits the adder.
The adder is heavily wounded.
The adder misses you. The rat bites you. The hobgoblin hits you.
You shoot an arrow. The arrow misses the adder.
The adder bites you but does no damage. The rat misses you.
The hobgoblin hits you. The adder barely misses you.
You shoot an arrow. The arrow barely misses the adder.
The adder misses you. The rat completely misses you.
The hobgoblin hits you but does no damage.
You shoot an arrow. The arrow closely misses the adder.
The adder closely misses you. The rat bites you.
You die...

. . ..######.
........# .
#......# >.
#.....### ...
#...<..### ....
#........## .....
###...#...##......
##...##S@g).....
##......r).....
###..#.#).....
......#......
...##.... .....
#.# #....####.. ##
#....# . 7....7


You could see an adder, a hobgoblin and a rat.

Vanquished Creatures
  A ribbon worm (D:2)
  2 ball pythons (D:1)
  2 bats (D:1)
  An endoplasm (D:1)
  3 giant cockroaches (D:1)
  4 goblins
  2 hobgoblins (D:1)
  A quokka (D:1)
  2 kobolds
  2 rats
20 creatures vanquished.

Notes
Turn   | Place    | Note
-------+----------+-------------------------------------------
     0 | D:1      | qw the Spriggan Hunter began the quest for the Orb.
     0 | D:1      | Reached XP level 1. HP: 10/10 MP: 2/2
     0 | D:1      | 0 ||| qw: Version: 0.3-a-155-g5e7d8dd
     0 | D:1      | 0 ||| qw: Game counter: 1802
     0 | D:1      | 0 ||| qw: Melee chars always use a shield: true
     0 | D:1      | 0 ||| qw: God list: Okawaru
     0 | D:1      | 0 ||| qw: Allow faded altars: false
     0 | D:1      | 0 ||| qw: Do Orc after clearing Dungeon:15 true
     0 | D:1      | 0 ||| qw: Do second Lair branch before Depths: true
     0 | D:1      | 0 ||| qw: Lair rune preference: random
     0 | D:1      | 0 ||| qw: Goals: Normal
     0 | D:1      | 0 ||| PLANNING D:1-11
    43 | D:1      | Reached skill level 3 in Dodging
    64 | D:1      | Reached XP level 2. HP: 14/14 MP: 3/3
   402 | D:1      | 402 ||| READING 2 scrolls labelled HIS NUESIKI GUTS.
   402 | D:1      | 402 ||| IDENTIFYING green potion
   403 | D:1      | 403 ||| READING scroll of identify.
   403 | D:1      | 403 ||| IDENTIFYING scroll labelled RUNAAQO ALEDE
   404 | D:1      | 404 ||| READING scroll labelled SAUDAG NOMI.
   405 | D:1      | 405 ||| READING scroll labelled GAILIOZUTO.
   406 | D:1      | 406 ||| READING scroll labelled HAOPIO WOOXORCH.
   410 | D:1      | 410 ||| DROPPING scroll of butterflies.
   411 | D:1      | 411 ||| DROPPING scroll of vulnerability.
   412 | D:1      | 412 ||| DROPPING potion of invisibility.
   471 | D:2      | HP: 2/14 [hobgoblin (2)]
   474 | D:2      | Slain by a rat

Levels and vault maps discovered:
D:1:      wander_arrival_peaceful_grave, layout_basic,
          dreamdust_princess_corridor
D:2:      layout_rooms, basic_altar, grunt_decor_fettered,
          uniq_crazy_yiuf_cottage

Skill      XL: |  1  2 |
---------------+-------+-----
Dodging        | 3 4 |  4.0
Fighting       | |  1.5
Ranged Weapons | |  4.4
Stealth        | |  1.5

Action                     || total
---------------------------++-------
   Fire: Shortbow          ||    68
    Use: Scroll            ||     5
 Armour: Robe              ||    21
  Dodge: Dodged            ||    65

Table legend:
 A = Non-vault XP
 B = Vault XP
 C = Vault XP percentage of total XP
 D = Non-vault monster count
 E = Vault monster count
 F = Vault count percentage of total count
                 A         B        C        D         E       F
            +---------+---------+-------+---------+---------+-------
      Total |      38 |       0 |   0.0 |      20 |       0 |   0.0
            +---------+---------+-------+---------+---------+-------
        D:1 |      26 |       0 |   0.0 |      15 |       0 |   0.0
        D:2 |      12 |       0 |   0.0 |       5 |       0 |   0.0
            +---------+---------+-------+---------+---------+-------
